 Dungeon Crawl Stone Soup version 0.31-a0-1620-gcbf77bbcfc (webtiles) character file.

Game seed: 13197079394394350724

3537 Newt the Caller (level 9, -3/62 HPs)
             Began as a Demonspawn Gladiator on Jan 11, 2024.
             Was a Believer of Hepliaklqana.
             Shot with an arrow by a centaur (7 damage)
             ... on level 8 of the Dungeon.
             The game lasted 00:10:02 (7421 turns).

Newt the Caller (Demonspawn Gladiator)              Turns: 7421, Time: 00:10:03

Health: -3/62      AC:  9    Str: 24    XL:     9   Next: 82%
Magic:  19/19      EV: 14    Int:  9    God:    Hepliaklqana [**....]
Gold:   322        SH:  0    Dex: 15    Spells: 19/22 levels left

rFire   + . .        G - +3 trident (vamp)
rCold   . . .        (no shield)
rNeg    . . .        i - +3 leather armour {rF+}
rPois   .            (helmet restricted)
rElec   .            s - +1 cloak
rCorr   .            x - +0 pair of gloves
SInv    +            (no boots)
Will    .....        g - amulet of the acrobat
Stlth   +            k - +6 ring of strength
HPRegen 0.30/turn    N - ring of see invisible
MPRegen 0.16/turn

%: acrobat
@: no status effects
A: reduced essence, horns 1, ignite blood 1
a: Renounce Religion, Recall Ancestor, Ancestor Identity


You were on level 8 of the Dungeon.
You worshipped Hepliaklqana.
Hepliaklqana was pleased with you.
You visited 1 branch of the dungeon, and saw 8 of its levels.

You collected 432 gold pieces.
You spent 110 gold pieces at shops.

Inventory:

Hand Weapons
 a - a +0 rapier
 n - a +2 short sword of flaming
 r - a +4 quarterstaff of chaos
 G - a +3 vampiric trident (weapon)
 J - a +2 spear of venom
 L - a +4 spear
Missiles
 e - a javelin
 m - 7 boomerangs
Armour
 b - a +0 leather armour
 c - a +0 helmet
 i - a +3 leather armour of fire resistance (worn)
 s - a +1 cloak (worn)
 x - a +0 pair of gloves (worn)
 H - an orb of guile
Jewellery
 g - an amulet of the acrobat (around neck)
 k - a +6 ring of strength (left hand)
 w - a ring of protection from cold
 C - a ring of poison resistance
 I - a ring of protection from cold
 N - a ring of see invisible (right hand)
Wands
 d - a wand of paralysis (3)
 K - a wand of flame (13)
 P - a wand of polymorph (5)
Scrolls
 j - 4 scrolls of teleportation
 t - a scroll of poison {unknown}
 u - a scroll of blinking
 v - a scroll of revelation
 y - a scroll of torment {unknown}
 D - a scroll of immolation {unknown}
 E - 2 scrolls of vulnerability {unknown}
Potions
 f - 3 potions of curing
 h - a potion of enlightenment
 l - a potion of might
 o - 2 potions of heal wounds
 p - a potion of magic {unknown}
 q - 4 potions of lignification
 z - a potion of resistance
 A - a potion of mutation {unknown}
 B - a potion of ambrosia {unknown}
 F - a potion of invisibility {unknown}
 M - a potion of degeneration
 O - a potion of haste {unknown}


   Skills:
 - Level 6.0 Fighting
 - Level 4.0 Short Blades
 - Level 4.0 Throwing
 - Level 5.0 Dodging
 + Level 7.0 Spellcasting
 + Level 7.6 Summonings


You had 19 spell levels left.
You knew the following spells:

 Your Spells              Type           Power      Damage    Failure   Level
a - Call Canine Familiar  Summ           16%        N/A       3%          3

Your spell library contained the following spells:

 Spells                   Type           Power      Damage    Failure   Level
 Summon Small Mammal      Summ           64%        N/A       1%          1
 Summon Ice Beast         Ice/Summ       10%        N/A       14%         3
 Freeze                   Ice            12%        1d3       22%         1
 Mercury Vapours          Alch/Air       6%         N/A       34%         2
 Scorch                   Fire           6%         2d5       34%         2
 Static Discharge         Conj/Air       6%         3-4/arc   34%         2
 Animate Armour           Summ/Erth      20%        N/A       43%         4
 Summon Blazeheart Golem  Fire/Summ      10%        N/A       43%         4
 Summon Lightning Spire   Summ/Air       10%        N/A       43%         4
 Frozen Ramparts          Ice            6%         1d1       56%         3
 Hailstorm                Conj/Ice       3%         3d5       56%         3
 Mephitic Cloud           Conj/Alch/Air  3%         N/A       56%         3
 Stone Arrow              Conj/Erth      6%         3d7       56%         3
 Volatile Blastmotes      Fire/Tloc      6%         2d10      56%         3
 Summon Mana Viper        Hex/Summ       10%        N/A       80%         5
 Summon Cactus Giant      Summ           8%         N/A       83%         6
 Airstrike                Air            1%         2d(1-17)  92%         4
 Flame Wave               Conj/Fire      3%         2d5       92%         4
 Fulminant Prism          Conj/Alch      1%         3d5       92%         4
 Iskenderun's Mystic Bla  Conj/Tloc      3%         2d3       92%         4
 Freezing Cloud           Conj/Ice/Air   1%         6-21      99%         5
 Monstrous Menagerie      Summ           8%         N/A       100%        7
 Lehudib's Crystal Spear  Conj/Erth      1%         10d2      100%        8


Dungeon Overview and Level Annotations

Branches:
Dungeon (8/15)             Temple (0/1) D:6
   Lair: D:8-11

Altars:
Cheibriados
Fedhas
Hepliaklqana
Kikubaaqudgha
Makhleb
Sif Muna
Vehumet
Xom

Shops:
D:7 !   D:8 *

Annotations:
D:4 1 runed translucent door
D:5 2 transporters


Innate Abilities, Weirdness & Mutations

Your life essence is reduced to manifest your ancestor. (-10% HP)
You have a pair of small horns on your head.
Your demonic aura sometimes causes spilled blood to erupt in flames.


Message History

Found 6 stones.
Found a leather armour.
Found a war axe.
No target in view!
No target in view!
P - a wand of polymorph (5)
You swap places.
You open the door.
There is an open door here.
You open the door.
There is an open door here.
You open the door.
There is an open door here.
A centaur comes into view.
The centaur shouts!
You hear a screech!
The centaur wields a +1 orcbow of freezing.
It is covered in frost.
The centaur shoots an arrow.
The arrow hits you! The arrow freezes you.
Found a stone staircase leading down.
The centaur shoots an arrow.
The arrow completely misses you.
You hear a shout!
You reach to attack!
You barely miss the centaur.
The centaur shoots an arrow.
The arrow hits you! The arrow freezes you.
The centaur shoots an arrow.
The arrow hits you! The arrow freezes you!
* * * LOW HITPOINT WARNING * * *
A centaur is nearby!
You are too injured to fight recklessly!
You are too injured to fight recklessly!
You are too injured to fight recklessly!
Unknown command.
Reach: G) +3 trident (vamp)
Press: ? - help, Dir - move target, f/p - centaur
Aim: a centaur, wielding a +1 orcbow of freezing (ally target, about 26% to evade your +3 vampiric trident)
You reach to attack!
You barely miss the centaur.
The centaur shoots an arrow.
The arrow hits you!
* * * LOW HITPOINT WARNING * * *
The arrow freezes you.
* * * LOW HITPOINT WARNING * * *
The centaur shoots an arrow.
The arrow hits you!
You die...

.............#
.............# .... ..
.............# >... ...
###+###.####.# #..# ....
.##..##.####.###..##....
......................
.................c..
#######...##..##..#
##'###..##@R#
#....'..'.○.#
#....#..#...+
#....#..#...#
#....######### ###..#
.... #.... #####


You could see the friendly Eideard the knight and a centaur (ally target).

Vanquished Creatures
  A troll (D:6)
  Sigmund (D:2)
  A wyvern (D:8)
  The ghost of VoidStrider the Magician, an amateur OnFE (D:4)
  An ice beast (D:3)
  A sky beast (D:7)
  A black bear (D:6)
  A centaur (D:7)
  2 phantoms
  2 bullfrogs
  A gnoll sergeant (D:7)
  8 wights (D:7)
  3 howler monkeys
  3 bombardier beetles
  A jelly (D:6)
  A gnoll bouda (D:5)
  2 hounds
  2 sleepcaps
  Crazy Yiuf (D:2)
  Jessica (D:3)
  Natasha (thrice) (D:3)
  5 orc wizards
  An iguana (D:6)
  7 gnolls
  3 adders
  2 river rats (D:4)
  A white imp (D:5)
  3 dart slugs
  A ribbon worm (D:3)
  14 orcs
  7 endoplasms
  2 giant cockroaches
  6 goblins
  5 hobgoblins
  4 jackals (D:2)
  A quokka (D:4)
  9 ball pythons
  3 bats
  2 frilled lizards (D:3)
  6 kobolds
  4 rats
124 creatures vanquished.

Vanquished Creatures (collateral kills)
  Jeremiah (D:7)
  A steam dragon (D:8)
  A water moccasin (D:7)
  A sky beast (D:6)
  An ogre (D:6)
  A centaur (D:7)
  A scorpion (D:6)
  A wight (D:7)
  A sleepcap (D:6)
  4 orcs (D:8)
13 creatures vanquished.

Vanquished Creatures (others)
  3 ancestors
3 creatures vanquished.

Grand Total: 140 creatures vanquished

Notes
Turn   | Place    | Note
-------+----------+-------------------------------------------
     0 | D:1      | Newt the Demonspawn Gladiator began the quest for the Orb.
     0 | D:1      | Reached XP level 1. HP: 16/16 MP: 1/1
   436 | D:1      | Gained mutation: You have a pair of small horns on your
                  | head. [demonic ancestry]
   436 | D:1      | Reached XP level 2. HP: 23/23 MP: 2/2
  1354 | D:2      | Reached XP level 3. HP: 29/29 MP: 3/3
  1476 | D:2      | Found a runed translucent door.
  1477 | D:2      | Noticed Crazy Yiuf
  1582 | D:2      | Noticed Sigmund
  1593 | D:2      | Killed Sigmund
  1594 | D:2      | Reached skill level 5 in Fighting
  1594 | D:2      | Reached XP level 4. HP: 29/39 MP: 4/4
  1594 | D:2      | Reached XP level 5. HP: 33/44 MP: 5/5
  2014 | D:2      | Killed Crazy Yiuf
  2284 | D:3      | Noticed an ice beast
  2305 | D:3      | Killed an ice beast
  2306 | D:3      | Gained mutation: Your demonic aura sometimes causes spilled
                  | blood to erupt in flames. [demonic ancestry]
  2306 | D:3      | Reached XP level 6. HP: 12/51 MP: 6/6
  2572 | D:3      | Noticed Natasha
  2581 | D:3      | Killed Natasha
  2608 | D:3      | Found a burning altar of Makhleb.
  2618 | D:3      | Noticed Natasha
  2626 | D:3      | Killed Natasha
  2730 | D:3      | Noticed Jessica
  2742 | D:3      | Killed Jessica
  2836 | D:3      | Found a blossoming altar of Fedhas.
  2904 | D:3      | Noticed Natasha
  2910 | D:3      | Killed Natasha
  3076 | D:4      | Reached skill level 5 in Dodging
  3123 | D:4      | Found a runed translucent door.
  3124 | D:4      | Noticed VoidStrider's ghost (amateur OnFE)
  3168 | D:4      | Reached XP level 7. HP: 54/56 MP: 7/7
  3388 | D:4      | Found a hazy altar of Hepliaklqana.
  3455 | D:4      | Found a runed translucent door.
  3572 | D:4      | Killed VoidStrider's ghost
  3676 | D:4      | Became a worshipper of Hepliaklqana the Forgotten
  3692 | D:5      | Entered Level 5 of the Dungeon
  3890 | D:5      | Found a shimmering altar of Xom.
  4168 | D:5      | Reached skill level 1 in Summonings
  4182 | D:5      | Found a transporter.
  4230 | D:5      | Found a transporter.
  4259 | D:5      | Reached skill level 1 in Spellcasting
  4304 | D:5      | Reached * piety under Hepliaklqana
  4406 | D:6      | Found a staircase to the Ecumenical Temple.
  4533 | D:6      | Noticed a troll
  4553 | D:6      | Killed a troll
  4554 | D:6      | Reached XP level 8. HP: 30/57 MP: 9/11
  4673 | D:6      | Learned a level 3 spell: Call Canine Familiar
  4789 | D:6      | Found a shimmering blue altar of Sif Muna.
  4809 | D:6      | Found an ancient bone altar of Kikubaaqudgha.
  4836 | D:6      | Found a radiant altar of Vehumet.
  5673 | D:6      | Reached skill level 5 in Summonings
  5934 | D:7      | Noticed Jeremiah
  5946 | D:7      | Killed Jeremiah
  5947 | D:7      | Reached skill level 5 in Spellcasting
  5947 | D:7      | Reached XP level 9. HP: 22/62 MP: 14/16
  6602 | D:7      | Found Zuuratz's Distillery.
  6608 | D:7      | Bought a potion of degeneration for 11 gold pieces
  6608 | D:7      | Bought a potion of lignification for 33 gold pieces
  6608 | D:7      | Bought a potion of curing for 33 gold pieces
  6608 | D:7      | Bought a potion of curing for 33 gold pieces
  6679 | D:7      | Reached ** piety under Hepliaklqana
  6680 | D:7      | Remembered your ancestor Eideard as a knight
  7213 | D:8      | Found Nokaets's Demolitions Depot.
  7280 | D:8      | Found a snail-covered altar of Cheibriados.
  7421 | D:8      | Shot with an arrow by a centaur

Illustrated notes

Levels and vault maps discovered:
D:1:      spicycebolla_arrival_xxxplode, layout_basic,
          corexii_item_surrounded_by_moat, minmay_misc_feat_encased,
          minmay_small_reverse_x
D:2:      layout_loops_corners, uniq_crazy_yiuf_cottage, uniq_sigmund
D:3:      layout_basic, lemuel_coloured_pillars_altar,
          mainiacjoe_overflow_boulevard, uniq_jessica, uniq_natasha
D:4:      layout_rooms, lemuel_round_altar, ebering_ghost_sewer_f
D:5:      layout_loops_ring, nicolae_overflow_crystal_walls,
          gammafunk_ghost_gnarly_gnolls
D:6:      layout_loops_corners, palyth_temple_overflow_mages,
          minmay_temple_entry_mist, amcnicky_mini_pool_small
D:7:      layout_loops_ring, serial_shops, nicolae_shop_rolling_square,
          uniq_jeremiah
D:8:      layout_gridville, grunt_qazlal_clouds,
          mainiacjoe_overflow_six_doors_small, nicolae_blasting_shop,
          uniq_amaemon

Skill      XL: |  1  2  3  4  5  6  7  8  9 |
---------------+----------------------------+-----
Fighting       | 3 5 6 |  6.0
Short Blades   | 3 4 |  4.0
Dodging        | 3 5 |  5.0
Throwing       | 2 4 |  4.0
Summonings     | 2 5 7 |  7.6
Spellcasting   | 2 5 7 |  7.0

Action                     |  1- 3 |  4- 6 |  7- 9 || total
---------------------------+-------+-------+-------++-------
  Melee: Rapier            |    79 |       |       ||    79
         Headbutt          |    10 |    16 |   102 ||   128
         Short sword       |    15 |    86 |   315 ||   416
         Punch             |     2 |     1 |     9 ||    12
         Trident           |       |       |    95 ||    95
  Throw: Throwing net      |     3 |     3 |       ||     6
   Cast: Call Canine Famil |       |       |     2 ||     2
 Invoke: Ancestor Life: Kn |       |       |     1 ||     1
  Evoke: Wand              |       |       |     6 ||     6
    Use: Scroll            |     2 |     1 |     3 ||     6
         Potion            |       |       |     5 ||     5
   Stab: Held in net/web   |       |     4 |       ||     4
         Paralysed         |       |       |     6 ||     6
 Armour: Leather armour    |    55 |    30 |   209 ||   294
  Dodge: Dodged            |    63 |    39 |   241 ||   343

Table legend: (Time is in decaauts)
 A = Elapsed time spent in this place.
 B = Non-inter-level travel time spent in this place.
 C = Inter-level travel time spent in this place.
 D = Time resting spent in this place.
 E = Time spent auto-exploring this place.
 F = Levels seen in this place.
 G = Mean time per level.
                   A        B        C        D        E       F      G
               +--------+--------+--------+--------+--------+-----+--------+
         Total |   7382 |   7013 |    369 |   1309 |   4525 |   8 |  922.8 |
       Dungeon |   7382 |   7013 |    369 |   1309 |   4525 |   8 |  922.8 |
               +--------+--------+--------+--------+--------+-----+--------+

Top non-repeatable levels by time:
     D:6: 1545 daAuts
     D:7: 1296 daAuts
     D:1: 1051 daAuts
     D:2: 1032 daAuts
     D:3: 881 daAuts
     D:4: 701 daAuts
     D:5: 659 daAuts
     D:8: 214 daAuts
